 Dungeon Crawl Stone Soup version 0.31-a0-986-g5e6e4ef867 (webtiles) character file.

Game seed: 8090343385302112805

45 timneilson the Ruffian (level 3, 0/27 (34) HPs)
             Began as an Octopode Shapeshifter on Nov 11, 2023.
             Slain by Robin
             ... wielding a +2 whip of draining
              (2 damage)
             ... on level 2 of the Dungeon.
             The game lasted 00:02:09 (928 turns).

timneilson the Ruffian (Octopode Shapeshifter)       Turns: 928, Time: 00:02:10

HP:   0/27 (34)     AC: 21    Str: 15    XL:     3   Next: 64%
MP:   4/4           EV:  2    Int: 12    God:
Gold: 20            SH:  0    Dex: 11    Spells: 3/3 levels left

rFire   . .          .
                       - Unarmed
rCold   . . .        (no shield)
rNeg    . . .        (helmet currently unavailable)
rPois   +            (no amulet)
rElec   .            d - ring of see invisible
rCorr   .            e - ring of flight
SInv    +            (no ring)
Will    .....        (no ring)
Stlth   +            (no ring)
HPRegen 0.24/turn    (no ring)
MPRegen 0.09/turn    (no ring)
                     (no ring)

%: no passive effects
@: tree-form, heavily drained
A: stationary, stasis, torment immunity, boosted hp, almost no armour,
(amphibious), 8 rings, (camouflage 1), (gelatinous body 1), (nimble swimmer 1),
(tentacles)
a: no special abilities


You were on level 2 of the Dungeon.
You were a tree.
You visited 1 branch of the dungeon, and saw 2 of its levels.

You collected 20 gold pieces.

Inventory:

Jewellery
 d - a ring of see invisible (left branch)
 e - a ring of flight (right branch)
Talismans
 b - a beast talisman
 c - a flux talisman
Scrolls
 g - a scroll of teleportation
 h - a scroll of blinking
 i - a scroll of vulnerability


   Skills:
 * Level 1.5 Fighting
 * Level 2.3 Dodging
 + Level 1.1 Stealth
 * Level 3.3 Unarmed Combat
 + Level 0.9 Spellcasting
 * Level 3.2 Shapeshifting


You had 3 spell levels left.
You didn't know any spells.
Your spell library contained the following spells:

 Spells                   Type           Power      Damage    Failure   Level
 Slow                     Hex            0%         N/A       30%         1
 Lesser Beckoning         Tloc           0%         N/A       43%         2
 Confusing Touch          Hex            0%         N/A       67%         3
 Gell's Gravitas          Tloc           0%         N/A       67%         3
 Sigil of Binding         Hex            0%         N/A       67%         3
 Teleport Other           Tloc           0%         N/A       67%         3
 Vampiric Draining        Necr           0%         2d6       67%         3


Dungeon Overview and Level Annotations

Branches:
Dungeon (2/15)

Altars:

Annotations:
D:2 Robin


Innate Abilities, Weirdness & Mutations

You are a tree.
Your roots penetrate the ground, keeping you stationary.
You cannot be teleported.
You are immune to unholy pain and torment.
Your maximum health is greatly increased.
You cannot wear most types of armour.
((You are amphibious.))
You can wear up to eight rings at the same time.
((Your skin changes colour to match your surroundings (Stealth+).))
((Your rubbery body absorbs attacks. (AC +1, EV +1)))
((You are camouflaged when in or above water. (Stealth+)))
((You have tentacles for arms and can constrict up to eight enemies at once.))


Message History

A hobgoblin comes into view.
A goblin comes into view. It is wielding a +0 dagger.
The hobgoblin shouts!
The goblin shouts!
You tentacle-slap the kobold.
You kill the kobold!
You hear a shout!
You tentacle-slap the goblin. Your grab misses the goblin.
The goblin is severely wounded.
The goblin hits you but does no damage.
You tentacle-slap the goblin.
You kill the goblin!
You closely miss Robin. Your grab misses Robin. Your squeeze misses Robin.
Robin closely misses you.
You tentacle-slap Robin. Your grab misses Robin. You squeeze Robin.
Robin is heavily wounded.
Robin hits you with a +2 whip of draining.
* * * LOW HITPOINT WARNING * * *
You feel drained.
* * * LOW HITPOINT WARNING * * *
Your transformation has ended.
You turn into a tree.
Your roots penetrate the ground.
Robin hits you but does no damage.
You feel drained.
You hit Robin but do no damage.
Robin is heavily wounded.
Robin throws the goblin at you!
You hit Robin but do no damage.
Robin is heavily wounded.
The goblin hits you with a +0 dagger.
* * * LOW HITPOINT WARNING * * *
Robin hits you but does no damage.
You feel drained.
Unknown command.
You smack the goblin!
You kill the goblin!
Robin hits you but does no damage.
You feel drained.
Unknown command.
You hit Robin but do no damage.
Robin is heavily wounded.
Robin hits you with a +2 whip of draining.
You die...
Robin lets out a smug laugh.

#....##......#..........######
#..........###...............#
#.....##.####.............##..
#....<##.##...##.#####).....#
#....##..........####..#......
##.####.........##..).####..##
#.# #.........##g#### #.# #.#
###.....###gg# .# ###
#.......)♣gg## .
#####...#.#.#####
#......##.#...#
#########.....# ###...# #####


You could see Robin, 3 hobgoblins and a goblin (strong).

Vanquished Creatures
  A dart slug (D:1)
  2 bats (D:1)
  3 endoplasms
  2 giant cockroaches (D:1)
  8 goblins
  4 hobgoblins
  3 jackals (D:1)
  A quokka (D:1)
  A ball python (D:1)
  2 frilled lizards (D:1)
  6 kobolds
  5 rats (D:1)
38 creatures vanquished.

Notes
Turn   | Place    | Note
-------+----------+-------------------------------------------
     0 | D:1      | timneilson the Octopode Shapeshifter began the quest for
                  | the Orb.
     0 | D:1      | Reached XP level 1. HP: 13/13 MP: 1/1
   106 | D:1      | Reached XP level 2. HP: 16/18 MP: 2/2
   295 | D:1      | Reached XP level 3. HP: 19/23 MP: 3/3
   398 | D:1      | Found a faded altar of an unknown god.
   899 | D:2      | Reached skill level 1 in Stealth
   899 | D:2      | Noticed Robin
   926 | D:2      | HP: 1/30 [goblin/+0 dagger[Robin] (2)]
   928 | D:2      | Slain by Robin

Illustrated notes

Levels and vault maps discovered:
D:1:      amcnicky_arrival_wind_blow, layout_basic,
          shapermc_ecumenical_altar_flowoftime
D:2:      layout_rooms, uniq_robin

Skill      XL: |  1  2  3 |
---------------+----------+-----
Stealth        | 1 |  1.1
Fighting       | |  1.5
Dodging        | |  2.3
Unarmed Combat | |  3.3
Spellcasting   | |  0.9
Shapeshifting  | |  3.2

Action                     || total
---------------------------++-------
  Melee: Unarmed           ||    71
         Constrict         ||    22
         Tentacles         ||    16
         Punch             ||     1
    Use: Scroll            ||     4
         Potion            ||     1
   Stab: Sleeping          ||     6
 Armour: Skin              ||    42
  Dodge: Dodged            ||    33

Table legend: (Time is in decaauts)
 A = Elapsed time spent in this place.
 B = Non-inter-level travel time spent in this place.
 C = Inter-level travel time spent in this place.
 D = Time resting spent in this place.
 E = Time spent auto-exploring this place.
 F = Levels seen in this place.
 G = Mean time per level.
                   A        B        C        D        E       F      G
               +--------+--------+--------+--------+--------+-----+--------+
         Total |    922 |    922 |      0 |     96 |    571 |   2 |  461.0 |
       Dungeon |    922 |    922 |      0 |     96 |    571 |   2 |  461.0 |
               +--------+--------+--------+--------+--------+-----+--------+

Top non-repeatable levels by time:
     D:1: 836 daAuts
     D:2: 85 daAuts
